| TOP OF THE 1ST |
|
Williamsport Crosscutters batting - Pitching for Tri-City Dust Devils : RHP Sean Fowler
|
|
Pitching: RHP Sean Fowler
|
|
|
Batting: LHB Chris Moody
|
0-0: Called Strike 0-1: Ball 1-1: Ball 2-1: Called Strike 2-2: Fly out, F7 (Flyball, 78S, EV 85.0 MPH)
|
|
Batting: RHB Xavier Castellanos
|
0-0: Called Strike 0-1: Fly out, F8 (Flyball, 8LD, EV 90.6 MPH)
|
|
Batting: RHB John Manocchio
|
0-0: Called Strike 0-1: Swinging Strike 0-2: Ground out 6-3 (Groundball, 6MD, EV 89.4 MPH)
|
| Top of the 1st over - 0 runs, 0 hits, 0 errors, 0 left on base; Williamsport 0 - Tri-City 0 |
| BOTTOM OF THE 1ST |
|
Tri-City Dust Devils batting - Pitching for Williamsport Crosscutters : LHP Drew Roemer
|
|
Pitching: LHP Drew Roemer
|
|
|
Batting: LHB Ramon Vega
|
0-0: Ball 1-0: Foul Ball, location: 2F 1-1: Ground out 5-3 (Groundball, 5, EV 111.2 MPH)
|
|
Batting: LHB Phil Lerner
|
0-0: Swinging Strike 0-1: Ball 1-1: Ball 2-1: Ground out 1-3 (Groundball, 34S, EV 56.2 MPH)
|
|
Batting: RHB Eric McMillian
|
0-0: Called Strike 0-1: Ball 1-1: SINGLE (Line Drive, 56D, EV 107.5 MPH)
|
|
Batting: RHB Phil McFadden
|
0-0: Called Strike 0-1: Called Strike 0-2: Ball 1-2: Ball 2-2: Strikes out swinging
|
| Bottom of the 1st over - 0 runs, 1 hit, 0 errors, 1 left on base; Williamsport 0 - Tri-City 0 |
| TOP OF THE 2ND |
|
Williamsport Crosscutters batting - Pitching for Tri-City Dust Devils : RHP Sean Fowler
|
|
Batting: RHB John Parra
|
0-0: Foul Ball, location: 2F 0-1: Swinging Strike 0-2: Foul Ball, location: 2F 0-2: Ball 1-2: Ball 2-2: Foul Ball, location: 2F 2-2: Ball 3-2: Base on Balls
|
|
Batting: SHB Nick Chandler
|
0-0: Called Strike 0-1: Called Strike John Parra is caught stealing 2nd base 2-6 0-2: Ball 1-2: Strikes out swinging
|
|
Batting: RHB Jose Nunez
|
0-0: Ball 1-0: Ball 2-0: Ball 3-0: Base on Balls
|
|
Batting: RHB Nick Cottrell
|
0-0: Foul Ball, location: 2F 0-1: Swinging Strike 0-2: Strikes out looking
|
| Top of the 2nd over - 0 runs, 0 hits, 0 errors, 1 left on base; Williamsport 0 - Tri-City 0 |
| BOTTOM OF THE 2ND |
|
Tri-City Dust Devils batting - Pitching for Williamsport Crosscutters : LHP Drew Roemer
|
|
Batting: RHB Frank Elizondo
|
0-0: Called Strike 0-1: Swinging Strike 0-2: Foul Ball, location: 2F 0-2: Ball 1-2: Ball 2-2: Strikes out looking
|
|
Batting: RHB Max Stillo
|
0-0: Swinging Strike 0-1: Ball 1-1: Swinging Strike 1-2: Strikes out swinging
|
|
Batting: RHB Oren Jones
|
0-0: Called Strike 0-1: Ball 1-1: Called Strike 1-2: Ball 2-2: Ground out 5-3 (Groundball, 56, EV 86.2 MPH)
|
| Bottom of the 2nd over - 0 runs, 0 hits, 0 errors, 0 left on base; Williamsport 0 - Tri-City 0 |
| TOP OF THE 3RD |
|
Williamsport Crosscutters batting - Pitching for Tri-City Dust Devils : RHP Sean Fowler
|
|
Batting: RHB Gavin Helton
|
0-0: Fly out, F7 (Flyball, 78M, EV 89.4 MPH)
|
|
Batting: RHB Bill Williams
|
0-0: Ball 1-0: Foul Ball, location: 2F 1-1: Called Strike 1-2: Ball 2-2: Strikes out swinging
|
|
Batting: LHB Chris Moody
|
0-0: Ball 1-0: Called Strike 1-1: Foul Ball, location: 2F 1-2: Strikes out looking
|
| Top of the 3rd over - 0 runs, 0 hits, 0 errors, 0 left on base; Williamsport 0 - Tri-City 0 |
| BOTTOM OF THE 3RD |
|
Tri-City Dust Devils batting - Pitching for Williamsport Crosscutters : LHP Drew Roemer
|
|
Batting: RHB Shane Bruce
|
0-0: Ball 1-0: Swinging Strike 1-1: Ball 2-1: Ball 3-1: Hit by Pitch
|
|
Batting: RHB Ed Oake
|
0-0: Called Strike 0-1: DOUBLE (Groundball, 5L, EV 104.4 MPH) Shane Bruce to third
|
|
Batting: LHB Ramon Vega
|
0-0: Foul Ball, location: 2F 0-1: Swinging Strike 0-2: SINGLE (Groundball, 4M, EV 100.6 MPH) (infield hit) Shane Bruce scores Ed Oake to third
|
|
Batting: LHB Phil Lerner
|
0-0: Called Strike 0-1: Called Strike Ramon Vega steals 2nd base 0-2: Ball 1-2: Ball 2-2: Strikes out looking
|
|
Batting: RHB Eric McMillian
|
0-0: Ball 1-0: Swinging Strike 1-1: Foul Ball, location: 2F 1-2: Ball 2-2: Ball 3-2: DOUBLE (Line Drive, 9LM, EV 108.1 MPH) Ed Oake scores Ramon Vega scores
|
|
Batting: RHB Phil McFadden
|
0-0: DOUBLE (Line Drive, 9LD, EV 108.1 MPH) Eric McMillian scores
|
|
Batting: RHB Frank Elizondo
|
0-0: Ball 1-0: Ball 2-0: Ball 3-0: Called Strike 3-1: Called Strike 3-2: Base on Balls
|
|
Batting: RHB Max Stillo
|
0-0: Ball 1-0: Foul Ball, location: 2F 1-1: Hit by Pitch Phil McFadden to third Frank Elizondo to second
|
|
Batting: RHB Oren Jones
|
0-0: Ball 1-0: Foul Ball, location: 2F 1-1: Ball 2-1: Foul Ball, location: 2F 2-2: Strikes out looking
|
|
Batting: RHB Shane Bruce
|
0-0: Foul Ball, location: 2F 0-1: Ball Wild Pitch! Phil McFadden scores Frank Elizondo to third Max Stillo to second 1-1: Called Strike 1-2: Strikes out swinging
|
| Bottom of the 3rd over - 5 runs, 4 hits, 0 errors, 2 left on base; Williamsport 0 - Tri-City 5 |
| TOP OF THE 4TH |
|
Williamsport Crosscutters batting - Pitching for Tri-City Dust Devils : RHP Sean Fowler
|
|
Batting: RHB Xavier Castellanos
|
0-0: Foul Ball, location: 2F 0-1: Ball 1-1: Ball 2-1: Foul Ball, location: 2F 2-2: Fly out, F8 (Flyball, 8RM, EV 85.6 MPH)
|
|
Batting: RHB John Manocchio
|
0-0: Ball 1-0: Ball 2-0: Ball 3-0: Base on Balls
|
|
Batting: RHB John Parra
|
0-0: Foul Ball, location: 2F 0-1: Foul Ball, location: 2F 0-2: Strikes out swinging
|
|
Batting: SHB Nick Chandler
|
0-0: Hit by Pitch John Manocchio to second
|
|
Batting: RHB Jose Nunez
|
0-0: Ball 1-0: Called Strike 1-1: Fielders Choice at 2nd, 5-4 (Groundball, 5, EV 83.8 MPH)
|
| Top of the 4th over - 0 runs, 0 hits, 0 errors, 2 left on base; Williamsport 0 - Tri-City 5 |
| BOTTOM OF THE 4TH |
|
Tri-City Dust Devils batting - Pitching for Williamsport Crosscutters : LHP Drew Roemer
|
|
Pitching: RHP Vince DeFord
|
|
|
Batting: RHB Ed Oake
|
0-0: Ball 1-0: Hit by Pitch
|
|
Batting: LHB Ramon Vega
|
0-0: Foul Ball, location: 2F 0-1: Ball 1-1: Foul Ball, location: 2F 1-2: Ball 2-2: Foul Ball, location: 2F 2-2: Foul Ball, location: 2F 2-2: Ball 3-2: DOUBLE (Line Drive, 7LM, EV 88.8 MPH) Ed Oake to third
|
|
Batting: LHB Phil Lerner
|
0-0: Called Strike 0-1: Swinging Strike 0-2: Ball 1-2: Strikes out looking
|
|
Batting: RHB Eric McMillian
|
0-0: Ball 1-0: SINGLE (Groundball, 56D, EV 101.2 MPH) Ed Oake scores Ramon Vega to third
|
|
Batting: RHB Phil McFadden
|
0-0: Ball 1-0: Swinging Strike 1-1: Ball 2-1: Swinging Strike 2-2: Ball Wild Pitch! Ramon Vega scores Eric McMillian to second 3-2: Strikes out swinging
|
|
Batting: RHB Frank Elizondo
|
0-0: Swinging Strike 0-1: Foul Ball, location: 2F 0-2: Strikes out swinging
|
| Bottom of the 4th over - 2 runs, 2 hits, 0 errors, 1 left on base; Williamsport 0 - Tri-City 7 |
| TOP OF THE 5TH |
|
Williamsport Crosscutters batting - Pitching for Tri-City Dust Devils : RHP Sean Fowler
|
|
Batting: RHB Nick Cottrell
|
0-0: Swinging Strike 0-1: Called Strike 0-2: Ground out 4-3 (Groundball, 4M, EV 81.2 MPH)
|
|
Batting: RHB Gavin Helton
|
0-0: Called Strike 0-1: Foul Ball, location: 2F 0-2: Ground out 5-3 (Groundball, 56S, EV 67.5 MPH)
|
|
Batting: RHB Bill Williams
|
0-0: Swinging Strike 0-1: Ball 1-1: Called Strike 1-2: Ball 2-2: DOUBLE (Line Drive, 7LM, EV 93.8 MPH)
|
|
Batting: LHB Chris Moody
|
0-0: Ball 1-0: Swinging Strike 1-1: Fly out, F4 (Popup, 34D, EV 53.8 MPH)
|
| Top of the 5th over - 0 runs, 1 hit, 0 errors, 1 left on base; Williamsport 0 - Tri-City 7 |
| BOTTOM OF THE 5TH |
|
Tri-City Dust Devils batting - Pitching for Williamsport Crosscutters : RHP Vince DeFord
|
|
Batting: RHB Max Stillo
|
0-0: Ball 1-0: Fly out, F9 (Flyball, 9D, EV 101.9 MPH)
|
|
Batting: RHB Oren Jones
|
0-0: Ball 1-0: Foul Ball, location: 2F 1-1: Ground out 5-3 (Groundball, 56S, EV 88.8 MPH)
|
|
Batting: RHB Shane Bruce
|
0-0: Called Strike 0-1: Swinging Strike 0-2: Ball 1-2: Ball 2-2: Foul Ball, location: 2F 2-2: Ball 3-2: Strikes out swinging
|
| Bottom of the 5th over - 0 runs, 0 hits, 0 errors, 0 left on base; Williamsport 0 - Tri-City 7 |
| TOP OF THE 6TH |
|
Williamsport Crosscutters batting - Pitching for Tri-City Dust Devils : RHP Sean Fowler
|
|
Batting: RHB Xavier Castellanos
|
0-0: Ball 1-0: Ball 2-0: Called Strike 2-1: Ball 3-1: Foul Ball, location: 2F 3-2: Strikes out swinging
|
|
Batting: RHB John Manocchio
|
0-0: Ball 1-0: Ball 2-0: Ball 3-0: Base on Balls
|
|
Batting: RHB John Parra
|
0-0: Ball 1-0: Swinging Strike 1-1: Ball 2-1: Ball 3-1: Base on Balls John Manocchio to second
|
|
Pitching: RHP Andres Burgos
|
|
|
Batting: SHB Nick Chandler
|
0-0: Called Strike 0-1: Foul Ball, location: 2F 0-2: Ball 1-2: DOUBLE (Flyball, 78D, EV 111.9 MPH) John Manocchio scores John Parra to third Runner from 3rd tries for Home, SAFE, throw by CF to home
|
|
Batting: RHB Jose Nunez
|
0-0: Fly out, F7 (Flyball, 7D, EV 98.1 MPH)
|
|
Batting: RHB Nick Cottrell
|
0-0: Swinging Strike 0-1: Ball 1-1: Ball 2-1: Ball 3-1: Base on Balls
|
|
Batting: RHB Gavin Helton
|
0-0: Ball 1-0: Ball 2-0: Called Strike 2-1: Ball 3-1: Foul Ball, location: 2F 3-2: Foul Ball, location: 2F 3-2: Strikes out swinging
|
| Top of the 6th over - 2 runs, 1 hit, 0 errors, 2 left on base; Williamsport 2 - Tri-City 7 |
| BOTTOM OF THE 6TH |
|
Tri-City Dust Devils batting - Pitching for Williamsport Crosscutters : RHP Vince DeFord
|
|
Batting: RHB Ed Oake
|
0-0: Ball 1-0: Ground out 5-3 (Groundball, 56S, EV 81.2 MPH)
|
|
Batting: LHB Ramon Vega
|
0-0: Swinging Strike 0-1: Ball 1-1: Ball 2-1: Called Strike 2-2: Foul Ball, location: 2F 2-2: Strikes out swinging, 2-3 out at first.
|
|
Batting: LHB Phil Lerner
|
0-0: Ball 1-0: Ball 2-0: Swinging Strike 2-1: Fly out, F8 (Line Drive, 8LD, EV 91.9 MPH)
|
| Bottom of the 6th over - 0 runs, 0 hits, 0 errors, 0 left on base; Williamsport 2 - Tri-City 7 |
| TOP OF THE 7TH |
|
Williamsport Crosscutters batting - Pitching for Tri-City Dust Devils : RHP Andres Burgos
|
|
Batting: RHB Bill Williams
|
0-0: Called Strike 0-1: Ball 1-1: Ball 2-1: Foul Ball, location: 2F 2-2: Strikes out swinging
|
|
Batting: LHB Chris Moody
|
0-0: Ball 1-0: Foul Ball, location: 2F 1-1: Ball 2-1: Ball 3-1: Ground out U3 (Groundball, 34S, EV 66.2 MPH)
|
|
Pitching: RHP Chris Pisor
|
|
|
Batting: RHB Xavier Castellanos
|
0-0: Ball 1-0: Foul Ball, location: 2F 1-1: Ball 2-1: Foul Ball, location: 2F 2-2: Foul Ball, location: 2F 2-2: Ball 3-2: SINGLE (Groundball, 3D, EV 100.6 MPH)
|
|
Batting: RHB John Manocchio
|
Pickoff Play to 1st, Runner tries for 2nd, OUT after rundown.
|
| Top of the 7th over - 0 runs, 1 hit, 0 errors, 0 left on base; Williamsport 2 - Tri-City 7 |
| BOTTOM OF THE 7TH |
|
Tri-City Dust Devils batting - Pitching for Williamsport Crosscutters : RHP Vince DeFord
|
|
Batting: RHB Eric McMillian
|
0-0: Ball 1-0: Fly out, F9 (Flyball, 89S, EV 80.0 MPH)
|
|
Batting: RHB Phil McFadden
|
0-0: Foul Ball, location: 2F 0-1: Called Strike 0-2: Ground out 1-3 (Groundball, 13S, EV 75.6 MPH)
|
|
Batting: RHB Frank Elizondo
|
0-0: SOLO HOME RUN (Line Drive, 7D, EV 93.8 MPH), Distance : 362 ft
|
|
Batting: RHB Max Stillo
|
0-0: Called Strike 0-1: Swinging Strike 0-2: Foul Ball, location: 2F 0-2: Ball 1-2: Strikes out swinging
|
| Bottom of the 7th over - 1 run, 1 hit, 0 errors, 0 left on base; Williamsport 2 - Tri-City 8 |
| TOP OF THE 8TH |
|
Williamsport Crosscutters batting - Pitching for Tri-City Dust Devils : RHP Chris Pisor
|
|
Batting: RHB John Manocchio
|
0-0: Ball 1-0: Ball 2-0: Called Strike 2-1: Ball 3-1: Base on Balls
|
|
Batting: RHB John Parra
|
0-0: Called Strike 0-1: Ball 1-1: Ball 2-1: Foul Ball, location: 2F 2-2: Strikes out swinging
|
|
Batting: SHB Nick Chandler
|
0-0: Called Strike 0-1: Ball 1-1: Ball 2-1: Called Strike 2-2: Foul Ball, location: 2F 2-2: SINGLE (Flyball, 6D, EV 86.9 MPH) John Manocchio to second
|
|
Batting: RHB Jose Nunez
|
0-0: Called Strike 0-1: Foul Ball, location: 2F 0-2: Ball 1-2: Strikes out looking
|
|
Pinch Hitting: SHB Art Kent
|
0-0: Ball Passed Ball! John Manocchio to third Nick Chandler to second 1-0: Called Strike 1-1: Called Strike 1-2: Strikes out swinging
|
| Top of the 8th over - 0 runs, 1 hit, 0 errors, 2 left on base; Williamsport 2 - Tri-City 8 |
| BOTTOM OF THE 8TH |
|
Tri-City Dust Devils batting - Pitching for Williamsport Crosscutters : RHP Vince DeFord
|
|
Now at 2B: John Parra
|
|
|
Now at SS: Gavin Helton
|
|
|
Now in LF: Chris Moody
|
|
|
Now in CF: Art Kent
|
|
|
Batting: RHB Oren Jones
|
0-0: Called Strike 0-1: Foul Ball, location: 2F 0-2: Strikes out swinging
|
|
Batting: RHB Shane Bruce
|
0-0: SOLO HOME RUN (Flyball, 7D, EV 94.4 MPH), Distance : 363 ft
|
|
Pitching: LHP Juan Ramirez
|
|
|
Batting: RHB Ed Oake
|
0-0: Called Strike 0-1: Ball 1-1: Foul Ball, location: 2F 1-2: Strikes out swinging
|
|
Batting: LHB Ramon Vega
|
0-0: Ball 1-0: Swinging Strike 1-1: Ground out 4-3 (Groundball, 4, EV 105.0 MPH)
|
| Bottom of the 8th over - 1 run, 1 hit, 0 errors, 0 left on base; Williamsport 2 - Tri-City 9 |
| TOP OF THE 9TH |
|
Williamsport Crosscutters batting - Pitching for Tri-City Dust Devils : RHP Chris Pisor
|
|
Batting: RHB Gavin Helton
|
0-0: Fly out, F7 (Flyball, 7, EV 82.5 MPH)
|
|
Batting: RHB Bill Williams
|
0-0: Ball 1-0: Ball 2-0: Ball 3-0: Called Strike 3-1: Base on Balls
|
|
Pitching: RHP Josh Mott
|
|
|
Pinch Hitting: LHB Jorge Zermeno
|
0-0: Ball 1-0: Called Strike 1-1: Foul Ball, location: 2F 1-2: Strikes out swinging
|
|
Pinch Hitting: LHB Noel Young
|
0-0: Ball 1-0: Foul Ball, location: 2F 1-1: Fielders Choice at 2nd, 6-4 (Groundball, 6, EV 103.1 MPH)
|
| Top of the 9th over - 0 runs, 0 hits, 0 errors, 1 left on base; Williamsport 2 - Tri-City 9 |
|